 Dungeon Sprint DCSS version 0.22.0-16-gc6d26f6 (webtiles) character file.

0 poirepourri the Chopper (level 2, -2/26 HPs)
             Began as a Minotaur Fighter on Aug 18, 2018.
             Was an Initiate of Gozag.
             Slain by Sigmund
             ... wielding a +2 scythe of venom
              (11 damage)
             ... in the Dungeon (Sprint VI: "Thunderdome").
             The game lasted 00:00:36 (102 turns).

poirepourri the Chopper (Minotaur Fighter)           Turns: 102, Time: 00:00:37

Health: -2/26      AC:  7    Str: 20    XL:     2   Next: 96%
Magic:  1/1        EV:  7    Int: 16    God:    Gozag
Gold:   164        SH: 11    Dex: 14    Spells: 1/1 levels left

rFire    . . .     SeeInvis .   a - +0 war axe
rCold    . . .     Gourm    .   c - +0 shield
rNeg     . . .     Faith    .   b - +0 scale mail
rPois    +         Spirit   .   (helmet restricted)
rElec    +         Reflect  +   (no cloak)
rCorr    .         Harm     .   (no gloves)
MR       .....     NoTele   +   (no boots)
Stlth    ..........             q - amulet "Pewinonu" {Reflect Int+5 Dex+2 SH+2}
HPRegen  0.08/turn              p - ring "Reaqej" {*Corrode rElec rPois Int+3}
MPRegen  0.07/turn              r - ring of Conflict {AC+1 Int+3 Dex+3}

@: no status effects
A: retaliatory headbutt, horns 2
a: Potion Petition, Call Merchant, Bribe Branch, Renounce Religion


You were in the Dungeon.
You worshipped Gozag.
Gozag was aware of your devotion.
You were not hungry.

You visited 1 branch You collected 299 gold pieces.
You spent 135 gold pieces at shops.

Inventory:

Hand Weapons
 a - a +0 war axe (weapon)
Armour
 b - a +0 scale mail (worn)
 c - a +0 shield (worn)
Jewellery
 p - the ring "Reaqej" (left hand) {*Corrode rElec rPois Int+3}
   (You bought it in a shop in the Dungeon)

   [ring of poison resistance]

   It affects your intelligence (+3).
   It insulates you from electricity.
   It protects you from poison.
   It may corrode you when you take damage.
 q - the amulet "Pewinonu" (around neck) {Reflect Int+5 Dex+2 SH+2}
   (You bought it in a shop in the Dungeon)

   [amulet of reflection]

   It shields you and reflects attacks.
   It affects your intelligence (+5).
   It affects your dexterity (+2).
   It affects your SH (+2).
 r - the ring of Conflict (right hand) {AC+1 Int+3 Dex+3}
   (You bought it in a shop in the Dungeon)

   [ring of protection]

   It affects your AC (+1).
   It affects your intelligence (+3).
   It affects your dexterity (+3).
Wands
 m - a wand of acid (5)
 n - a wand of iceblast (5)
Scrolls
 k - 4 scrolls of blinking
 o - 3 scrolls of fog
Potions
 e - a potion of curing
 g - 3 potions of heal wounds
 h - 4 potions of haste
 i - 2 potions of magic
 j - a potion of berserk rage
 l - a potion of resistance
Comestibles
 f - a ration


   Skills:
 - Level 3.6 Fighting
 + Level 7.5 Axes
 - Level 3.6 Armour
 - Level 3.6 Shields


You had one spell level left.
You didn't know any spells.
Your spell library was empty.

Dungeon Overview and Level Annotations

Branches:
Dungeon (1/1)

Altars:
Cheibriados
Dithmenos
Fedhas
Gozag
Kikubaaqudgha
Makhleb
Okawaru
Qazlal
Ru
Sif Muna
Trog
Uskayaw
Vehumet
Wu Jian
Xom
Yredelemnul
Zin
The Shining One
Beogh
Jiyva
Lugonu

Shops:
D *[%??*?*:[((!!!!

Annotations:
D Sigmund


Innate Abilities, Weirdness & Mutations

You reflexively headbutt those who attack you in melee.
You have a pair of horns on your head.


Message History

Sigmund hits you with a scythe of venom!
You are too injured to fight recklessly!
You are too injured to fight recklessly!
You are too injured to fight recklessly!
You are too injured to fight recklessly!
You are too injured to fight recklessly!
You are too injured to fight recklessly!
You are too injured to fight recklessly!
You hit Sigmund. You headbutt Sigmund, but do no damage.
Sigmund is almost dead.
Sigmund casts a spell.
Sigmund flickers and vanishes!
Deactivating autopickup; reactivate with Ctrl-A.
Unknown command.
You barely miss something.
You hear some strange, mumbled words.
Something tries to affect you, but you resist.
Something hits you!
You die...
Your body crumbles into a pile of gold.

###∩........8.#
#.8........∩##
##∩___......###......__.∩##
######.8.........8.######
#⌠...........⌠#
###.........### #_......._#
#_......._# #.........#
#∩.@.....∩# ##∩{....∩##
##.....## ##⌠⌠⌠## ####


There were no monsters in sight!

Vanquished Creatures
  An iguana (D)
  A giant cockroach (D)
  A kobold (D)
3 creatures vanquished.

Notes
Turn   | Place    | Note
-------+----------+-------------------------------------------
     0 | D        | poirepourri the Minotaur Fighter began the quest for the Orb.
     0 | D        | Reached XP level 1. HP: 19/19 MP: 0/0
     3 | D        | Found a bloodstained altar of Trog.
     3 | D        | Found a glowing silver altar of Zin.
     4 | D        | Found a roughly hewn altar of Beogh.
     4 | D        | Found a snail-covered altar of Cheibriados.
     5 | D        | Found a glowing golden altar of the Shining One.
     5 | D        | Found an opulent altar of Gozag.
     5 | D        | Round 1.
     6 | D        | Found Uceag's Delicious Food.
     6 | D        | Found a deep blue altar of Sif Muna.
     6 | D        | Found a burning altar of Makhleb.
     6 | D        | Found Vierr's Identification Station.
     7 | D        | Found Soimurcha's Jewellery.
     7 | D        | Found Gijo's Advanced Armour.
    15 | D        | Bought a translucent lead ring for 45 gold pieces
    15 | D        | Bought a shimmering lead amulet for 45 gold pieces
    15 | D        | Bought a crude amber ring for 45 gold pieces
    15 | D        | Identified the ring "Reaqej" {*Corrode rElec rPois Int+3} (You bought it in a shop in the Dungeon)
    16 | D        | Identified the ring of Conflict {AC+1 Int+3 Dex+3} (You bought it in a shop in the Dungeon)
    17 | D        | Identified the amulet "Pewinonu" {Reflect Int+5 Dex+2 SH+2} (You bought it in a shop in the Dungeon)
    18 | D        | Noticed an iguana
    21 | D        | Found a stormy altar of Qazlal.
    26 | D        | Killed an iguana
    26 | D        | Reached skill level 7 in Axes
    26 | D        | Reached XP level 2. HP: 25/26 MP: 1/1
    32 | D        | Became a worshipper of Gozag Ym Sagoz the Greedy
    36 | D        | Found a blossoming altar of Fedhas.
    37 | D        | Found Regho's Premium Goods.
    39 | D        | Found an ancient bone altar of Kikubaaqudgha.
    39 | D        | Found a sacrificial altar of Ru.
    39 | D        | Found Dauffak's Weapon Rack.
    40 | D        | Found Adul Piuwn's Miscellaneous Merchandise.
    40 | D        | Found Buod's Basic Armour.
    43 | D        | Found an iron altar of Okawaru.
    44 | D        | Found an ornate altar of the Wu Jian Council.
    46 | D        | Found Vestrag's Do-It-Yourself Clinic.
    46 | D        | Found a viscous altar of Jiyva.
    46 | D        | Found a shadowy altar of Dithmenos.
    46 | D        | Found a radiant altar of Vehumet.
    46 | D        | Found Sisatoa's Distillery.
    47 | D        | Found Geyhac's Bottled Wisdom.
    47 | D        | Found Toechurupp's Distillery.
    50 | D        | Found a hide-covered altar of Uskayaw.
    61 | D        | Found a basalt altar of Yredelemnul.
    62 | D        | Found a corrupted altar of Lugonu.
    62 | D        | Found Orchai's Staff Store.
    63 | D        | Found Ironu's Must-Have Magic.
    63 | D        | Found Mefuseil's Magic Scroll Shop.
    64 | D        | Found a shimmering altar of Xom.
    64 | D        | Found Nosurun's Magic Scroll Shop.
    90 | D        | Noticed Sigmund
   102 | D        | Slain by Sigmund

Skill      XL: |  1 |
---------------+----+-----
Axes           | 7 |  7.5
Fighting       | |  3.6
Armour         | |  3.6
Shields        | |  3.6

Action                   || total
-------------------------++-------
Melee: War axe           ||    13
       Headbutt          ||     4
  Use: Potion            ||     2
Armor: Scale mail        ||     2
Dodge: Dodged            ||     2
Block: Shield            ||     5
